 Dungeon Crawl Stone Soup version 0.29.0-4-gdea44cf6ec (webtiles) character file.

Game seed: 9238945254813724744

179 qw the Chopper (level 5, -1/30 HPs)
             Began as a Tengu Warper on Aug 28, 2022.
             Killed from afar by Duvessa (10 damage)
             ... with a puff of flame
             ... on level 4 of the Dungeon.
             The game lasted 00:00:18 (3293 turns).

qw the Chopper (Tengu Warper)                       Turns: 3293, Time: 00:00:19

Health: -1/30      AC:  5    Str: 13    XL:     5   Next: 59%
Magic:  8/8        EV: 13    Int: 13    God:
Gold:   159        SH:  0    Dex: 14    Spells: 8/8 levels left

rFire   . . .      SeeInvis .   Y - +1 hand axe (freeze)
rCold   . . .      Faith    .   (no shield)
rNeg    . . .      Spirit   .   a - +0 ring mail
rPois   +          Reflect  .   (helmet restricted)
rElec   .          Harm     .   (no cloak)
rCorr   .          Rampage  .   (no gloves)
Will    +....                   (boots unavailable)
Stlth   +.........              (no amulet)
HPRegen 0.10/turn               (no ring)
MPRegen 0.11/turn               (no ring)

@: flying quickly and evasively, quick
A: beak, talons 3, nimble flight, low MP 1, strong-willed 1, poison resistance
a: no special abilities


You were on level 4 of the Dungeon.
You visited 1 branch of the dungeon, and saw 4 of its levels.

You collected 159 gold pieces.


Innate Abilities, Weirdness & Mutations

You have a beak for a mouth.
You have claws for feet.
Your magical nature lets you fly swiftly and evasively.
Your magical capacity is low. (-10% MP)
You are strong-willed. (Will+)
Your system is resistant to poisons. (rPois)


   Skills:
 - Level 2.0 Fighting
 + Level 6.2 Axes
 - Level 1.0 Throwing
 - Level 1.1 Armour
 - Level 2.1 Dodging
 - Level 2.0 Spellcasting
 - Level 2.4 Translocations


You had 8 spell levels left.
You didn't know any spells.
Your spell library contained the following spells:

 Spells                   Type           Power      Damage    Failure   Level
 Blink                    Tloc           14%        N/A       30%         2
 Gell's Gravitas          Tloc           7%         N/A       52%         3
 Lesser Beckoning         Tloc           7%         N/A       52%         3
 Teleport Other           Tloc           7%         N/A       52%         3
 Manifold Assault         Tloc           7%         N/A       99%         5

Inventory:

Hand Weapons
 b - a +0 hammer of protection
 Y - a +1 hand axe of freezing (weapon)
Armour
 a - a +0 ring mail (worn)
 c - a +0 cloak
Scrolls
 g - a scroll of amnesia {unknown}
 m - a scroll of enchant armour
Potions
 d - a potion of cancellation {unknown}
 e - a potion of mutation
 f - a potion of might {unknown}
 h - a potion of flight {unknown}
 k - a potion of lignification {unknown}

Dungeon Overview and Level Annotations

Branches:
Dungeon (3/15)

Altars:

Annotations:
D:3 1 runed translucent door, Crazy Yiuf
D:4 Dowan, Duvessa


Message History

Your peck misses Duvessa.
Duvessa is moderately wounded.
You hit Dowan. You freeze Dowan.
Duvessa closely misses you. x2; Dowan hits you but does no damage.
You hit Duvessa. You freeze Duvessa. Your kick misses Duvessa.
Duvessa is heavily wounded.
You closely miss Dowan. Duvessa hits you with a +0 short sword!
Dowan barely misses you.
You barely miss Duvessa. Your kick misses Duvessa.
You peck Duvessa, but do no damage.
Duvessa is heavily wounded.
You hit Dowan. You freeze Dowan.
Duvessa says, "Beauty is only skin deep, and my weapons penetrate much further than that."
Duvessa barely misses you.
Duvessa says, "Beauty is only skin deep, and my weapons penetrate much further than that."
Duvessa barely misses you. Dowan closely misses you.
The ball python misses you. The ball python completely misses you.
You barely miss Duvessa.
Duvessa is heavily wounded.
You hit the ball python. You freeze the ball python.
You kill the ball python!
You miss Dowan. Duvessa barely misses you. Dowan closely misses you.
You hit Duvessa. You freeze Duvessa. You claw Duvessa, but do no damage.
You peck Duvessa.
Duvessa is severely wounded.
You closely miss Dowan. Duvessa hits you but does no damage.
Duvessa closely misses you. Dowan misses you.
You hit Duvessa. You freeze Duvessa. You claw Duvessa, but do no damage.
You peck Duvessa.
Duvessa is almost dead.
You closely miss Dowan. Duvessa misses you. Dowan hits you but does no damage.
You hit Duvessa. You freeze Duvessa. Your kick misses Duvessa.
Duvessa is almost dead.
You hit Dowan. You freeze Dowan. Duvessa closely misses you.
Dowan hits you but does no damage.
Duvessa zaps a wand.
The puff of flame hits you!
You die...

##.###########
#............#
#.#####.####.#
#.# #.# #.#
#.# #.# #.#
#####)# #.#
#.# ......#
#.# #.#
#######
##.####.###
#......@..#
#.....%ee.#
#.........#
#.........#
#(........#
..........#
#.........#
#.^.......#


You could see Duvessa (fast) and Dowan.

Vanquished Creatures
  An orc priest (D:3)
  An orc wizard (D:3)
  4 adders
  A worm (D:2)
  2 dart slugs (D:1)
  4 orcs (D:3)
  2 endoplasms
  3 giant cockroaches (D:1)
  6 goblins
  11 hobgoblins
  5 jackals
  5 kobolds
  4 quokkas
  8 ball pythons
  7 bats
  7 frilled lizards
  4 rats
75 creatures vanquished.

Notes
Turn   | Place    | Note
-------+----------+-------------------------------------------
     0 | D:1      | qw the Tengu Warper began the quest for the Orb.
     0 | D:1      | Reached XP level 1. HP: 12/12 MP: 4/4
     0 | D:1      | 0 ||| qw: Version: 0.1-a-89-g26bdef1
     0 | D:1      | 0 ||| qw: Game counter: 1193
     0 | D:1      | 0 ||| qw: Always use a shield: true
     0 | D:1      | 0 ||| qw: God list: Okawaru
     0 | D:1      | 0 ||| qw: Allow faded altars: false
     0 | D:1      | 0 ||| qw: Do Orc after D:15 true
     0 | D:1      | 0 ||| qw: Do second Lair branch before Depths: true
     0 | D:1      | 0 ||| qw: Lair rune preference: random
     0 | D:1      | 0 ||| qw: Plans: Normal
     0 | D:1      | 0 ||| PLANNING D:1-11
    80 | D:1      | Found a faded altar of an unknown god.
    81 | D:1      | 81 ||| Stepping ~*~*~tactically~*~*~ (hiding).
   183 | D:1      | Reached skill level 3 in Axes
   183 | D:1      | Reached XP level 2. HP: 17/17 MP: 6/6
   532 | D:1      | 532 ||| Stepping ~*~*~tactically~*~*~ (stealth).
   621 | D:1      | 621 ||| Stepping ~*~*~tactically~*~*~ (stealth).
   623 | D:1      | 623 ||| Stepping ~*~*~tactically~*~*~ (stealth).
   624 | D:1      | 624 ||| Stepping ~*~*~tactically~*~*~ (stealth).
   625 | D:1      | 625 ||| Stepping ~*~*~tactically~*~*~ (stealth).
   632 | D:1      | 632 ||| DROPPING +0 club.
   646 | D:1      | Reached XP level 3. HP: 21/21 MP: 7/7
   872 | D:1      | 872 ||| Stepping ~*~*~tactically~*~*~ (stealth).
   876 | D:1      | Reached skill level 4 in Axes
   879 | D:1      | 879 ||| Stepping ~*~*~tactically~*~*~ (stealth).
   883 | D:1      | 883 ||| Stepping ~*~*~tactically~*~*~ (stealth).
   884 | D:1      | 884 ||| Stepping ~*~*~tactically~*~*~ (stealth).
  1411 | D:1      | 1411 ||| READING scroll labelled FOOMPI FUVONGO.
  1412 | D:1      | 1412 ||| READING scroll labelled KEEGOPTUIS.
  1413 | D:1      | 1413 ||| DRINKING 2 fuming dark potions.
  1413 | D:1      | Gained mutation: Your system is resistant to poisons.
                  | (rPois) [potion of mutation]
  1413 | D:1      | Gained mutation: Your magical capacity is low. (-10% MP)
                  | [potion of mutation]
  1413 | D:1      | Gained mutation: You are strong-willed. (Will+) [potion of
                  | mutation]
  1414 | D:1      | 1414 ||| DROPPING scroll of blinking.
  1521 | D:2      | Reached XP level 4. HP: 20/26 MP: 7/7
  1603 | D:2      | 1603 ||| Stepping ~*~*~tactically~*~*~ (stealth).
  1604 | D:2      | 1604 ||| Stepping ~*~*~tactically~*~*~ (stealth).
  1607 | D:2      | 1607 ||| Stepping ~*~*~tactically~*~*~ (stealth).
  1609 | D:2      | 1609 ||| Stepping ~*~*~tactically~*~*~ (stealth).
  1620 | D:2      | 1620 ||| Stepping ~*~*~tactically~*~*~ (stealth).
  1650 | D:2      | 1650 ||| Stepping ~*~*~tactically~*~*~ (stealth).
  1758 | D:2      | 1758 ||| Stepping ~*~*~tactically~*~*~ (stealth).
  1799 | D:2      | Reached skill level 5 in Axes
  1901 | D:2      | 1901 ||| Stepping ~*~*~tactically~*~*~ (stealth).
  1903 | D:2      | 1903 ||| Stepping ~*~*~tactically~*~*~ (stealth).
  1957 | D:2      | 1957 ||| FLEEEEING.
  2079 | D:2      | 2079 ||| Stepping ~*~*~tactically~*~*~ (hiding).
  2235 | D:2      | 2235 ||| Stepping ~*~*~tactically~*~*~ (stealth).
  2237 | D:2      | 2237 ||| Stepping ~*~*~tactically~*~*~ (stealth).
  2634 | D:2      | 2634 ||| UPGRADING to +0 ring mail.
  2644 | D:2      | 2644 ||| DROPPING +0 leather armour.
  2645 | D:2      | 2645 ||| DROPPING ring of flight.
  2646 | D:2      | 2646 ||| READING scroll labelled KUEHUGRUCS.
  2647 | D:2      | 2647 ||| READING scroll labelled DEUFRECW JETUONWA.
  2648 | D:2      | 2648 ||| READING scroll labelled YNLA UHUSM.
  2649 | D:2      | 2649 ||| READING 2 scrolls labelled JAIG MOGGIUDGH.
  2677 | D:3      | 2677 ||| Stepping ~*~*~tactically~*~*~ (hiding).
  2711 | D:3      | 2711 ||| Stepping ~*~*~tactically~*~*~ (hiding).
  2728 | D:3      | Gained mutation: Your magical nature lets you fly swiftly
                  | and evasively. [Tengu growth]
  2728 | D:3      | Reached XP level 5. HP: 18/30 MP: 8/8
  2728 | D:3      | HP: 4/30 [orc priest/divine providence (14)]
  2734 | D:3      | HP: 3/30 [orc priest/+0 dagger (2)]
  2737 | D:3      | Reached skill level 6 in Axes
  2737 | D:3      | 2737 ||| FLEEEEING.
  2738 | D:3      | 2738 ||| FLEEEEING.
  2739 | D:3      | 2739 ||| FLEEEEING.
  2740 | D:3      | 2740 ||| FLEEEEING.
  2741 | D:3      | 2741 ||| FLEEEEING.
  2742 | D:3      | 2742 ||| FLEEEEING.
  2743 | D:3      | 2743 ||| FLEEEEING.
  2748 | D:3      | 2748 ||| FLEEEEING.
  2749 | D:3      | 2749 ||| FLEEEEING.
  2750 | D:3      | 2750 ||| FLEEEEING.
  2751 | D:3      | 2751 ||| FLEEEEING.
  2752 | D:3      | 2752 ||| FLEEEEING.
  2753 | D:3      | 2753 ||| FLEEEEING.
  2754 | D:3      | 2754 ||| FLEEEEING.
  2755 | D:3      | 2755 ||| FLEEEEING.
  2757 | D:3      | 2757 ||| STAIRDANCE
  3007 | D:3      | 3007 ||| STAIRDANCE
  3095 | D:3      | 3095 ||| Stepping ~*~*~tactically~*~*~ (stealth).
  3183 | D:3      | 3183 ||| DROPPING +0 whip.
  3186 | D:3      | Found a runed translucent door.
  3187 | D:3      | Noticed Crazy Yiuf
  3249 | D:3      | You are sucked into a shaft and drop 1 floor!
  3253 | D:4      | 3253 ||| PLANNING SEWER
  3281 | D:4      | Noticed Duvessa
  3281 | D:4      | Noticed Dowan
  3293 | D:4      | Killed from afar by Duvessa

Levels and vault maps discovered:
D:1:      dpeg_arrival_snail, layout_basic, ebering_ecumenical_altar_sacrificial
D:2:      layout_loops_ring, grunt_ministairs_14
D:3:      layout_loops_ring, serial_bayou, serial_bayou_shore_b,
          serial_bayou_pond_d, serial_bayou_pond_d, serial_bayou_pond_a,
          serial_shops, nicolae_diamond_shop, hangedman_decor_growths,
          uniq_crazy_yiuf_cottage, uniq_grinder, uniq_jessica, uniq_ijyb
D:4:      layout_loops_ring, elyvilon_altar_5, gup_sewer_entry_bubbles,
          chequers_serial_rivers_marsh, uniq_duvessa

Skill      XL: |  1  2  3  4  5 |
---------------+----------------+-----
Axes           | 3 4 5 6 |  6.2
Fighting       | |  2.0
Throwing       | |  1.0
Armour         | |  1.1
Dodging        | |  2.1
Spellcasting   | |  2.0
Translocations | |  2.4

Action                   |  1- 3 |  4- 6 || total
-------------------------+-------+-------++-------
Melee: Hand axe          |    82 |   109 ||   191
       Kick              |    23 |    24 ||    47
       Peck              |     6 |    14 ||    20
       Punch             |       |     2 ||     2
Throw: Boomerang         |     7 |       ||     7
  Use: Scroll            |     2 |     4 ||     6
       Potion            |     1 |       ||     1
Armor: Leather armour    |    25 |    12 ||    37
       Ring mail         |       |    16 ||    16
Dodge: Dodged            |    44 |    62 ||   106

Table legend:
 A = Non-vault XP
 B = Vault XP
 C = Vault XP percentage of total XP
 D = Non-vault monster count
 E = Vault monster count
 F = Vault count percentage of total count
                 A         B        C        D         E       F
            +---------+---------+-------+---------+---------+-------
      Total |     240 |      16 |   6.2 |      73 |       2 |   2.7
            +---------+---------+-------+---------+---------+-------
        D:1 |      54 |       0 |   0.0 |      30 |       0 |   0.0
        D:2 |      66 |      16 |  19.5 |      26 |       2 |   7.1
        D:3 |     117 |       0 |   0.0 |      15 |       0 |   0.0
        D:4 |       3 |       0 |   0.0 |       2 |       0 |   0.0
            +---------+---------+-------+---------+---------+-------
